 Dungeon Crawl Stone Soup version 0.22-a0-601-gb0ed703 (webtiles) character file.

284 Gildeon the Skirmisher (level 6, -4/56 HPs)
             Began as a Minotaur Fighter on July 6, 2018.
             Slain by an iguana (6 damage)
             ... on level 5 of the Dungeon.
             The game lasted 00:08:42 (2686 turns).

Gildeon the Skirmisher (Minotaur Fighter)           Turns: 2686, Time: 00:08:43

Health: -4/56      AC: 17    Str: 25    XL:     6   Next: 7%
Magic:  10/14      EV:  8    Int:  5    God:
Gold:   267        SH:  0    Dex: 10    Spells: 5/5 levels left

rFire    + . .     SeeInvis +   a - +2 war axe
rCold    . . .     Gourm    .   (no shield)
rNeg     . . .     Faith    .   i - +1 plate armour
rPois    .         Spirit   .   (helmet restricted)
rElec    .         Reflect  .   (no cloak)
rCorr    .         Harm     .   g - +0 pair of gloves
MR       .....                  l - +2 pair of boots
Stlth    ..........             (no amulet)
HPRegen  0.18/turn              h - +3 ring of strength
MPRegen  0.14/turn              j - ring of magical power

@: no status effects
A: retaliatory headbutt, horns 2, see invisible, fire resistance 1
a: no special abilities


You were on level 5 of the Dungeon.
You were not hungry.

You visited 1 branch of the dungeon, and saw 5 of its levels.

You collected 267 gold pieces.

Inventory:

Hand Weapons
 a - a +2 war axe (weapon)
Armour
 g - a +0 pair of gloves (worn)
 i - a +1 plate armour (worn)
 l - a +2 pair of boots (worn)
Jewellery
 h - a +3 ring of strength (left hand)
 j - a ring of magical power (right hand)
Wands
 c - a wand of clouds (4)
 p - a wand of iceblast (2)
Scrolls
 b - a scroll of enchant armour
 k - 2 scrolls of teleportation
Potions
 d - 4 potions of might
 e - 2 potions of curing {unknown}
 m - a potion of heal wounds {unknown}
 o - a potion of agility {unknown}
 u - a potion of degeneration {unknown}
Comestibles
 f - 12 rations
 q - 3 chunks of flesh


   Skills:
 - Level 5.0 Fighting
 * Level 4.9 Axes
 - Level 5.0 Armour
 + Level 2.8 Dodging
   Level 3.6 Shields


You had 5 spell levels left.
You didn't know any spells.
Your spell library was empty.

Dungeon Overview and Level Annotations

Branches:
Dungeon (5/15)
 Temple: D:4-7

Altars:


Innate Abilities, Weirdness & Mutations

You reflexively headbutt those who attack you in melee.
You have a pair of horns on your head.
You have supernaturally acute eyesight. (SInv)
Your flesh is heat resistant. (rF+)


Message History

The jelly barely misses you.
You slash the two-headed ogre!
Your headbutt misses the two-headed ogre.
The two-headed ogre is severely wounded.
You barely miss the jelly. The jelly hits you.
* * * LOW HITPOINT WARNING * * *
You are splashed with acid!
The acid burns!
* * * LOW HITPOINT WARNING * * *
The two-headed ogre barely misses you. You furiously retaliate!
You headbutt the two-headed ogre.
The two-headed ogre hits you but does no damage.
You barely miss the two-headed ogre.
The two-headed ogre is almost dead.
You hit the iguana. You hit the quokka skeleton. You hit the leopard gecko.
You kill the leopard gecko!
Your plate armour prevents you from hitting the jelly.
The jelly hits you but does no damage. The quokka skeleton barely misses you.
You furiously retaliate!
You headbutt the quokka skeleton. The iguana bites you.
You die...

******,,,............##....,,,*
*,,,,**#........#.........,,*
***,*****..........###........*
,,,,*****..........# *........*
,,,,,,,,,..........# ##.......*
*********........).# *....,,,*
********,..".......# *,...,,,*
,,,,,,,,,..........# *,,,,,,,*
********,......Z@JP♣***,,,,,,,*
****,.(....l.O..PP#,,,,,,,*
*****,,,,..........(...#*******
*,,,,,,,*........P..♣.♣P**
,,***,,**..........≈≈♣..,*
*****,***#..>.$...≈≈≈≈≈.,*
,,,,,,* ##......P.♣≈≈≈≈,*
******* #######..≈≈≈♣≈,*
,********* *,,≈*≈≈,,*


You could see a two-headed ogre, an iguana, a jelly and a quokka skeleton.

Vanquished Creatures
  An orc priest (D:3)
  A centaur skeleton (D:4)
  A worker ant (D:4)
  A worker ant zombie (D:5)
  6 adders
  4 shadow imps (D:3)
  2 oozes (D:3)
  An adder skeleton (D:4)
  A worm (D:2)
  2 dart slugs (D:2)
  4 leopard geckos
  3 orcs
  3 ball pythons
  8 giant cockroaches
  12 goblins
  11 hobgoblins
  7 jackals (D:1)
  2 kobolds
  2 quokkas
  7 bats
  3 frilled lizards
  5 rats
87 creatures vanquished.

Notes
Turn   | Place    | Note
-------+----------+-------------------------------------------
     0 | D:1      | Gildeon the Minotaur Fighter began the quest for the Orb.
     0 | D:1      | Reached XP level 1. HP: 19/19 MP: 0/0
   119 | D:1      | Reached XP level 2. HP: 27/27 MP: 1/1
   263 | D:1      | Reached skill level 1 in Dodging
   343 | D:1      | Reached XP level 3. HP: 31/33 MP: 2/2
   817 | D:2      | Reached XP level 4. HP: 34/41 MP: 3/3
  1377 | D:3      | Found a transporter.
  1388 | D:3      | Noticed a kobold demonologist
  1396 | D:3      | Noticed a rust devil
  1411 | D:3      | Reached XP level 5. HP: 47/47 MP: 4/4
  1416 | D:3      | Noticed a chaos spawn
  1418 | D:3      | Found a transporter.
  1419 | D:3      | Noticed an orange demon
  1422 | D:3      | Noticed a red devil
  1434 | D:3      | HP: 1/47 [red devil/trident[a kobold demonologist] (14)]
  2250 | D:4      | Gained mutation: Your flesh is heat resistant. (rF+) [potion of mutation]
  2250 | D:4      | Gained mutation: You have supernaturally acute eyesight. (SInv) [potion of mutation]
  2268 | D:4      | Reached skill level 5 in Fighting
  2631 | D:4      | Reached skill level 5 in Armour
  2631 | D:4      | Reached XP level 6. HP: 53/56 MP: 5/5
  2648 | D:5      | Entered Level 5 of the Dungeon
  2678 | D:5      | Noticed a two-headed ogre
  2685 | D:5      | HP: 2/56 [acid (10)]
  2686 | D:5      | Slain by an iguana

Vault maps used:
D:1:      tarquinn_simple_flora_water_a, minmay_tetromino_i2
D:2:      first_ration
D:3:      gammafunk_wand_slinger
D:5:      serial_bayou_pond_a

Skill      XL: |  1  2  3  4  5 |
---------------+----------------+-----
Dodging        | 1 2 |  2.8
Fighting       | 4 5 |  5.0
Armour         | 4 5 |  5.0
Axes           | 3 4 |  4.9
Shields        | |  3.6

Action                   |  1- 3 |  4- 6 || total
-------------------------+-------+-------++-------
Melee: War axe           |    74 |    99 ||   173
       Headbutt          |    10 |    16 ||    26
Evoke: Wand              |       |     5 ||     5
  Use: Scroll            |     2 |     7 ||     9
       Potion            |       |     1 ||     1
  Eat: Chunk             |       |     6 ||     6
Armor: Scale mail        |    24 |       ||    24
       Plate armour      |    62 |    81 ||   143
Dodge: Dodged            |    46 |    50 ||    96

Table legend:
 A = Spawn XP
 B = Non-spawn XP
 C = Spawn XP percentage of total XP
 D = Spawn monster count
 E = Non-spawn monster count
 F = Spawn count percentage of total count
 G = Total turns spent on level
                    A         B        C        D         E        F      G
               +---------+---------+-------+---------+---------+-------+---------
         Total |       0 |     406 |   0.0 |       0 |      87 |   0.0 |  2686
               +---------+---------+-------+---------+---------+-------+---------
           D:1 |       0 |      49 |   0.0 |       0 |      28 |   0.0 |   631
           D:2 |       0 |     113 |   0.0 |       0 |      28 |   0.0 |   585
           D:3 |       0 |     138 |   0.0 |       0 |      21 |   0.0 |  1011
           D:4 |       0 |      84 |   0.0 |       0 |       7 |   0.0 |   421
           D:5 |       0 |      22 |   0.0 |       0 |       3 |   0.0 |    38
               +---------+---------+-------+---------+---------+-------+---------
